AoeStats
← ĐẠI ĐÔ ĐỐC MẠNH ĐẠT

Arabia

519837641Analyzed
1v1 RM · 5d ago on Nov 9, 2026· 26m 59s· 2 players
Game mode
Random Map
Map size
Tiny (2 player)
Population
200
Speed
Normal
Resources
Standard
Victory
Conquest
Starting age
Dark Age
Ending age
Imperial Age
RankedLock teamsTeams togetherTeam positionsShared explorationLock speedFull tech treeHidden civsTurbo modeCheats
Victory
Defeat
1790
+11
vs
🇦🇷 Wei · Argentina
1687
-11
requiem for you -
6:36 Loom
8:46 Feudal Age
12:46 Horse Collar
18:53 Fletching
24:04 Castle Age
23:05 Forging
24:59 Castle Age
22:48 Double-Bit Axe
23:57 Padded Archer Armor
25:53 Bodkin Arrow
ĐẠI ĐÔ ĐỐC MẠNH ĐẠT
6:11 Loom
8:54 Feudal Age
9:24 Double-Bit Axe
13:25 Fletching
15:33 Padded Archer Armor
17:42 Wheelbarrow
21:51 Castle Age
20:26 Horse Collar
21:33 Gold Mining
21:54 Elite Skirmisher
22:30 Bodkin Arrow
25:58 Bow Saw
Connection lost

Rejoining the realm…

Still unreachable

The connection could not be restored.

Session expired

The server has moved on; the page needs a fresh start.